 Dungeon Crawl Stone Soup version 0.24.0-29-g8ce449bc06 (webtiles) character file.

Game seed: 11866272922492442092, levelgen mode: deterministic

3206 Flugslaktarn the Cleaver (level 9, -3/80 HPs)
             Began as a Minotaur Fighter on Nov 16, 2019.
             Was a Believer of Makhleb.
             Killed from afar by an electric eel (12 damage)
             ... with a bolt of electricity
             ... in a bailey.
             The game lasted 00:03:49 (7478 turns).

Flugslaktarn the Cleaver (Minotaur Fighter)         Turns: 7478, Time: 00:03:49

Health: -3/80      AC: 10    Str: 24    XL:     9   Next: 65%
Magic:  11/11      EV:  8    Int:  5    God:    Makhleb [**....]
Gold:   208        SH: 11    Dex: 10    Spells: 8/8 levels left

rFire    . . .     SeeInvis .   i - +0 broad axe
rCold    . . .     Gourm    .   c - +0 shield
rNeg     . . .     Faith    .   b - +0 scale mail
rPois    .         Spirit   .   (helmet restricted)
rElec    .         Reflect  .   v - +0 cloak
rCorr    .         Harm     .   s - +0 pair of gloves
MR       .....                  (no boots)
Stlth    ..........             (no amulet)
HPRegen  0.23/turn              (no ring)
MPRegen  0.12/turn              (no ring)

@: no status effects
A: retaliatory headbutt, horns 2
a: Minor Destruction, Renounce Religion


You were in a bailey.
You worshipped Makhleb.
Makhleb was pleased with you.
You were not hungry.

You visited 1 branch of the dungeon, and saw 7 of its levels.
You also visited: Bailey.

You collected 257 gold pieces.
You spent 49 gold pieces at shops.

Inventory:

Hand Weapons
 i - a +0 broad axe (weapon)
   (You found it on level 1 of the Dungeon)
Missiles
 u - a throwing net (quivered)
Armour
 b - a +0 scale mail (worn)
 c - a +0 shield (worn)
 s - a +0 pair of gloves (worn)
   (You bought it in a shop on level 4 of the Dungeon)
 v - a +0 cloak (worn)
   (You took it off Crazy Yiuf on level 4 of the Dungeon)
Jewellery
 p - an uncursed ring of ice {unknown}
   (You found it on level 3 of the Dungeon)
Wands
 a - a wand of acid (2)
   (You found it on level 5 of the Dungeon)
Scrolls
 k - a scroll of enchant armour
 r - a scroll of identify
 t - 2 scrolls of teleportation
 w - 2 scrolls of remove curse
 x - a scroll of immolation
 y - a scroll of fear
 z - a scroll of blinking
 B - a scroll of noise {unknown}
Potions
 d - a potion of might
 f - a potion of brilliance
 g - a potion of cancellation {unknown}
 h - 2 potions of haste
 j - a potion of resistance {unknown}
 l - a potion of lignification {unknown}
 m - a potion of degeneration {unknown}
 n - 2 potions of mutation {unknown}
 o - 3 potions of heal wounds {unknown}
 q - 2 potions of curing
 A - a potion of agility {unknown}
Comestibles
 e - 20 rations
 C - 13 chunks of flesh


   Skills:
 + Level 7.7 Fighting
 * Level 9.9 Axes
 + Level 7.6 Armour
 + Level 7.6 Shields
 + Level 4.9 Invocations


You had 8 spell levels left.
You didn't know any spells.
Your spell library was empty.

Dungeon Overview and Level Annotations

Branches:
Dungeon (7/15)             Temple (0/1) D:4          Bailey (1/1)

Altars:
Elyvilon
Kikubaaqudgha
Makhleb
Okawaru
Sif Muna
Vehumet
Yredelemnul

Shops:
D:4 [   D:6 }


Innate Abilities, Weirdness & Mutations

You reflexively headbutt those who attack you in melee.
You have a pair of horns on your head.


Message History

The electric eel shoots out a bolt of lightning at you!
The bolt of electricity hits the electric eel.
The electric eel completely resists.
The bolt of electricity hits you.
You slice the electric eel!!
You kill the electric eel!
Makhleb accepts your kill.
The electric eel shoots out a bolt of lightning at you!
The bolt of electricity hits you!
The electric eel shoots out a bolt of lightning at you!
The bolt of electricity hits you.
You are too injured to fight recklessly!
The electric eel shoots out a bolt of lightning at you!
The bolt of electricity hits you!
* * * LOW HITPOINT WARNING * * *
There is an open door here.
The electric eel shoots out a bolt of lightning at you!
The bolt of electricity hits you!
* * * LOW HITPOINT WARNING * * *
The bolt of electricity hits you!
You die...

#..')))..'..#
#..'.....'..#
#..#..⌠..#..####+#≈≈≈≈≈≈
.....#.....#.....#.≈≈≈≈≈≈≈
.8...#.....#...8.#.≈≈≈≈≈≈≈
.....#######.....#.≈≈;≈≈≈≈
.8.###########.8.#.≈≈≈≈≈≈≈
... ........)...#.≈≈≈≈≈≈≈
.8. .......)))8@#.≈≈≈≈≈≈≈
..._.....).)'.≈≈;≈≈≈≈
.........#)##.≈≈≈≈≈≈≈
##########..#.≈≈≈≈≈≈≈
+.'....#..#.≈≈≈≈≈≈≈
#.#....#..#.≈≈≈≈≈≈≈
######.######..#.≈≈≈≈≈≈≈
+^....∩.....'..#.≈≈≈≈≈≈≈
######.#########+#≈≈≈≈≈≈


You could see an electric eel.

Vanquished Creatures
  An orc high priest (Bailey)
  An orc sorcerer (Bailey)
  Grinder (D:6)
  3 orc warriors (Bailey)
  3 phantoms
  4 centaurs
  A big kobold (D:7)
  A scorpion (D:4)
  5 wights (D:7)
  An electric eel (Bailey)
  2 jellies
  3 crimson imps
  A quasit (D:7)
  A bullfrog zombie (D:6)
  A hound (D:4)
  2 orc wizards
  A bullfrog skeleton (D:5)
  Crazy Yiuf (D:4)
  3 worker ants
  A hound zombie (D:6)
  6 gnolls
  11 adders
  An ooze (D:4)
  3 adder skeletons
  7 worms
  A dart slug (D:4)
  6 leopard geckos
  8 orcs
  2 ball pythons
  4 giant cockroaches
  9 hobgoblins
  9 jackals
  8 kobolds
  4 quokkas
  A ball python zombie (D:5)
  8 bats
  6 frilled lizards
  15 goblins
  A jackal skeleton (D:7)
  A leopard gecko skeleton (D:2)
  10 rats
  6 plants (D:1)
164 creatures vanquished.

Vanquished Creatures (others)
  A goblin (Bailey)
1 creature vanquished.

Grand Total: 165 creatures vanquished

Notes
Turn   | Place    | Note
-------+----------+-------------------------------------------
     0 | D:1      | Flugslaktarn the Minotaur Fighter began the quest for the
                  | Orb.
     0 | D:1      | Reached XP level 1. HP: 19/19 MP: 0/0
   381 | D:1      | Reached XP level 2. HP: 23/27 MP: 1/1
   478 | D:1      | Reached skill level 3 in Axes
  1352 | D:2      | Reached XP level 3. HP: 31/33 MP: 2/2
  1701 | D:2      | Reached XP level 4. HP: 32/40 MP: 3/3
  1969 | D:2      | Reached skill level 4 in Axes
  2674 | D:3      | Found an ancient bone altar of Kikubaaqudgha.
  2842 | D:3      | You fall into a shaft and drop 2 floors!
  2842 | D:5      | Entered Level 5 of the Dungeon
  2985 | D:3      | Reached XP level 5. HP: 47/47 MP: 4/4
  2992 | D:3      | Found a burning altar of Makhleb.
  3095 | D:3      | Became a worshipper of Makhleb the Destroyer
  3452 | D:4      | Found a staircase to the Ecumenical Temple.
  3575 | D:4      | Found an iron altar of Okawaru.
  3610 | D:4      | Found a white marble altar of Elyvilon.
  4021 | D:4      | Reached skill level 1 in Invocations
  4051 | D:4      | Reached skill level 5 in Axes
  4155 | D:4      | Found Yczuez's Armour Shop.
  4160 | D:4      | Bought a +0 pair of gloves for 49 gold pieces
  4176 | D:4      | Reached XP level 6. HP: 55/55 MP: 5/5
  4431 | D:4      | Found a runed translucent door.
  4432 | D:4      | Noticed Crazy Yiuf
  4592 | D:4      | Found a basalt altar of Yredelemnul.
  4858 | D:4      | Killed Crazy Yiuf
  4991 | D:5      | Reached skill level 5 in Fighting
  4991 | D:5      | Reached skill level 5 in Armour
  4991 | D:5      | Reached skill level 5 in Shields
  5128 | D:5      | Reached XP level 7. HP: 47/61 MP: 7/7
  5133 | D:5      | Reached * piety under Makhleb
  5152 | D:5      | Reached skill level 6 in Axes
  5278 | D:5      | Found a shimmering blue altar of Sif Muna.
  5845 | D:6      | Reached skill level 7 in Axes
  5845 | D:6      | Reached XP level 8. HP: 50/70 MP: 9/9
  6046 | D:6      | Found a radiant altar of Vehumet.
  6135 | D:6      | Noticed Grinder
  6138 | D:6      | Paralysed by Grinder for 4 turns
  6144 | D:6      | Killed Grinder
  6190 | D:6      | Found Larakimpyneu's Gadget Shop.
  6551 | D:7      | Reached skill level 8 in Axes
  6722 | D:7      | Found a flagged portal.
  6727 | D:7      | Reached ** piety under Makhleb
  6747 | Bailey   | Entered a bailey
  7136 | Bailey   | Found an iron altar of Okawaru.
  7136 | Bailey   | Noticed an orc sorcerer
  7136 | Bailey   | Noticed an orc high priest
  7143 | Bailey   | Killed an orc sorcerer
  7143 | Bailey   | Reached skill level 9 in Axes
  7143 | Bailey   | Reached XP level 9. HP: 64/79 MP: 11/11
  7150 | Bailey   | Noticed a red devil
  7150 | Bailey   | Noticed an orange demon
  7150 | Bailey   | Killed an orc high priest
  7478 | Bailey   | Killed from afar by an electric eel

Levels and vault maps discovered:
D:1:      roderic_crop_circles_arrival_small, layout_basic,
          hangedman_decor_clover_reticule, dk_noncrumbling_4,
          chequers_serial_rivers_marsh, ebering_dispersal_statue_hall,
          minmay_pentomino_q2
D:2:      layout_basic, kennysheep_generic_room_7
D:3:      layout_loops_ring, lemuel_doored_altar, nicolae_overflow_crystal_walls
D:4:      layout_loops_cross, kennysheep_mini, elyvilon_altar_3,
          overflow_temple_1_default, minmay_temple_entry_trees, first_ration,
          serial_shops, nicolae_shop_trees, uniq_crazy_yiuf_cottage
D:5:      layout_basic, grunt_decor_cap, lemuel_blue_sif_altar
D:6:      layout_basic, zin_scriptorium, kennysheep_mini_moat,
          lemuel_crystal_altar, serial_shops, shop_fountains, uniq_grinder
D:7:      lemuel_insect_pit, layout_loops_corners, basic_altar, enter_bailey_3,
          the_bakery, minmay_manual_mares
Bailey:   bailey_axe_of_yendor_kennysheep, bailey

Skill      XL: |  1  2  3  4  5  6  7  8 |
---------------+-------------------------+-----
Axes           | 3 4 5 7 9 |  9.9
Fighting       | 4 5 7 |  7.7
Armour         | 4 5 7 |  7.6
Shields        | 4 5 7 |  7.6
Invocations    | 1 2 4 |  4.9

Action                   |  1- 3 |  4- 6 |  7- 9 || total
-------------------------+-------+-------+-------++-------
Melee: War axe           |    53 |       |       ||    53
       Headbutt          |    18 |    17 |    40 ||    75
       Broad axe         |    94 |   157 |   193 ||   444
Evoke: Wand              |       |       |     4 ||     4
  Use: Scroll            |       |       |    11 ||    11
  Eat: Chunk             |     3 |     7 |     8 ||    18
       Ration            |       |     1 |       ||     1
Armor: Scale mail        |    45 |    58 |    89 ||   192
Dodge: Dodged            |    53 |    55 |    53 ||   161
Block: Shield            |    66 |    91 |   106 ||   263
